 Dungeon Crawl Stone Soup version 0.31-a0-659-gc5a091b79a (webtiles) character file.

Game seed: 13759159876890298130

51 hmm the Trooper (level 3, 0/45 HPs)
             Began as a Demonspawn Berserker on Aug 31, 2023.
             Was a Believer of Trog.
             Slain by a gnoll
             ... wielding a +0 club
              (4 damage)
             ... on level 2 of the Dungeon.
             The game lasted 00:01:45 (944 turns).

hmm the Trooper (Demonspawn Berserker)               Turns: 944, Time: 00:01:46

Health: 0/45       AC:  2    Str: 19    XL:     3   Next: 57%
Magic:  3/3        EV: 12    Int:  8    God:    Trog [**....]
Gold:   43         SH:  0    Dex: 12    Spells: 2/2 levels left

rFire   . .          .
                       - Unarmed
rCold   . . .        (no shield)
rNeg    . . .        a - +0 animal skin
rPois   .            (helmet restricted)
rElec   .            (no cloak)
rCorr   .            (no gloves)
SInv    .            (no boots)
Will    .....        (no amulet) Stlth
                     (no ring)
HPRegen 0.27/turn    (no ring)
MPRegen 0.08/turn

%: no passive effects
@: berserking, very quick
A: antennae 1, spiny 1
a: Renounce Religion, Berserk, Trog's Hand


You were on level 2 of the Dungeon.
You worshipped Trog.
Trog was pleased with you.
You visited 1 branch of the dungeon, and saw 2 of its levels.

You collected 43 gold pieces.

Inventory:

Missiles
 h - 8 stones
Armour
 a - a +0 animal skin (worn)
Scrolls
 b - a scroll of silence {unknown}
 c - 3 scrolls of vulnerability {unknown}
 e - 2 scrolls of fear {unknown}
 f - 2 scrolls of enchant armour {unknown}
 g - 2 scrolls of summoning {unknown}
 i - 2 scrolls of teleportation {unknown}
 j - a scroll of identify {unknown}
Potions
 d - a potion of curing {unknown}
 k - a potion of enlightenment {unknown}


   Skills:
 + Level 3.9 Fighting
 + Level 1.8 Armour
 + Level 2.0 Dodging
 + Level 0.7 Stealth
 + Level 3.2 Unarmed Combat


You had 2 spell levels left.
You didn't know any spells.
Your spell library was empty.

Dungeon Overview and Level Annotations

Branches:
Dungeon (2/15)

Altars:


Innate Abilities, Weirdness & Mutations

You have a pair of small antennae on your head.
You are partially covered in sharp spines.


Message History

The gnoll is moderately wounded.
You hit the gnoll but do no damage.
The gnoll is moderately wounded.
You hit the gnoll but do no damage.
The gnoll is moderately wounded.
The gnoll hits you with a +0 club.
You hit the gnoll.
The gnoll is heavily wounded.
The gnoll closely misses you.
You barely miss the gnoll.
The gnoll is heavily wounded.
The gnoll barely misses you.
A gnoll comes into view. It is wielding a +0 club.
The gnoll shouts!
You hit the gnoll but do no damage.
The gnoll is heavily wounded.
The gnoll hits you from afar with a +0 spear!
The gnoll hits you with a +0 club!
You are too injured to fight recklessly!
You are too injured to fight recklessly!
You are too injured to fight recklessly!
You are too injured to fight recklessly!
A red film seems to cover your vision as you go berserk!
You feel yourself moving faster!
You feel mighty!
The gnoll hits you from afar with a +0 spear.
The gnoll hits you with a +0 club.
You are too injured to fight recklessly!
You are too injured to fight recklessly!
You hit the gnoll but do no damage.
The gnoll is heavily wounded.
The gnoll hits you from afar with a +0 spear!
* * * LOW HITPOINT WARNING * * *
The gnoll hits you with a +0 club.
* * * LOW HITPOINT WARNING * * *
You hit the gnoll but do no damage.
The gnoll is heavily wounded.
You closely miss the gnoll.
The gnoll is heavily wounded.
The gnoll completely misses you. The gnoll hits you with a +0 club.
You die...

#...^..P#.......## #
####....P...#.....##
#.....♣♣♣♣♣......##
#....P♣♣.P♣♣.##'##
#....♣♣..♣♣♣.# .#
##.#.♣..P....## #
#.#.....P..... #
##.♣g..P..#.
##.@gg.....
######..#.


You could see 3 gnolls.

Vanquished Creatures
  A gnoll (D:2)
  A worm (D:2)
  A dart slug (D:1)
  2 bats (D:1)
  2 endoplasms (D:1)
  4 giant cockroaches
  A goblin (D:1)
  4 hobgoblins
  3 jackals (D:1)
  4 kobolds
  2 quokkas (D:1)
  6 ball pythons
  3 rats
34 creatures vanquished.

Notes
Turn   | Place    | Note
-------+----------+-------------------------------------------
     0 | D:1      | hmm the Demonspawn Berserker began the quest for the Orb.
     0 | D:1      | Reached XP level 1. HP: 18/18 MP: 1/1
    44 | D:1      | Found a faded altar of an unknown god.
   162 | D:1      | Discovered your monstrous ancestry.
   162 | D:1      | Gained mutation: You have a pair of small antennae on your
                  | head. [demonic ancestry]
   162 | D:1      | Reached XP level 2. HP: 18/24 MP: 2/2
   347 | D:1      | Reached ** piety under Trog
   446 | D:1      | Gained mutation: You are partially covered in sharp spines.
                  | [demonic ancestry]
   446 | D:1      | Reached XP level 3. HP: 25/29 MP: 3/3
   793 | D:2      | Identified the +8 chain mail "Cusas" {Will+ Str+3}
   944 | D:2      | Slain by a gnoll

Illustrated notes

Levels and vault maps discovered:
D:1:      amcnicky_arrival_gap_in_the_tavern_cellar, layout_rooms,
          shapermc_ecumenical_altar_pompeii, kennysheep_doodads,
          chequers_serial_rivers_micro_b
D:2:      layout_loops_corners, serial_forest, infiniplex_forest_3_way,
          infiniplex_forest_clump_small, infiniplex_forest_end_1,
          infiniplex_forest_clump_C, infiniplex_forest_clump_small,
          infiniplex_forest_clump_double, infiniplex_forest_straight_3,
          infiniplex_forest_end_2, infiniplex_forest_straight_1,
          infiniplex_forest_straight_3

Skill      XL: |  1  2  3 |
---------------+----------+-----
Unarmed Combat | 3 |  3.2
Dodging        | 2 |  2.0
Fighting       | |  3.9
Armour         | |  1.8
Stealth        | |  0.7

Action                     || total
---------------------------++-------
  Melee: Unarmed           ||    87
         Punch             ||     3
 Invoke: Berserk           ||     2
   Stab: Sleeping          ||     1
 Armour: Animal skin       ||    41
  Dodge: Dodged            ||    41

Table legend: (Time is in decaauts)
 A = Elapsed time spent in this place.
 B = Non-inter-level travel time spent in this place.
 C = Inter-level travel time spent in this place.
 D = Time resting spent in this place.
 E = Time spent auto-exploring this place.
 F = Levels seen in this place.
 G = Mean time per level.
                   A        B        C        D        E       F      G
               +--------+--------+--------+--------+--------+-----+--------+
         Total |    941 |    917 |     24 |      0 |    729 |   2 |  470.5 |
       Dungeon |    941 |    917 |     24 |      0 |    729 |   2 |  470.5 |
               +--------+--------+--------+--------+--------+-----+--------+

Top non-repeatable levels by time:
     D:1: 540 daAuts
     D:2: 401 daAuts
